Map: Ulrena

Players

Alphablue

  • Race: Terran Terran
  • League: Gold
  • Spawn Location: 11:00

zidar - Winner!

  • Race: Zerg Zerg
  • League: Silver
  • Spawn Location: 7:00

VOD

Have the link to the VOD?

Description

Time

  • Played on: Nov. 27, 2015, 3:26 p.m.
  • Length: 15:00
Show
View Real Time Build Order
Export as new Build Order

Alphablue Terran 

Build Orders: Command Center First (CC) 

Get SALT Encoding   

  12  0:01  SCV  
  13  0:13  SCV  
  14  0:21  Supply Depot  
  14  0:28  SCV  
  15  0:43  SCV  
  16  0:55  SCV  
  17  1:07  Command Center, SCV  
  18  1:19  SCV  
  18  1:21  Barracks  
  19  1:31  SCV  
  20  1:36  Barracks  
  20  1:43  SCV  
  21  1:51  Refinery  
  21  1:53  Refinery  
  21  2:00  SCV  
  22  2:12  SCV  
  22  2:13  Bunker  
  23  2:18  Marine  
  23  2:22  SCV  
  25  2:24  SCV, Supply Depot  
  26  2:35  Orbital Command  
  27  2:39  Orbital Command  
  27  2:42  Marine  
  27  2:48  Marine  
  28  3:00  Marine  
  29  3:05  Marine  
  30  3:13  SCV x2  
  30  3:18  Marine  
  33  3:24  Bunker  
  33  3:25  SCV x2  
  35  3:36  Marine x2  
  35  3:37  SCV x2  
  39  3:44  Barracks  
  39  3:46  Barracks  
  39  3:49  SCV x2  
  39  3:52  Refinery  
  39  3:55  Marine, Factory  
  42  3:57  Marine  
  42  4:01  SCV x2  
  46  4:20  Barracks Tech Lab, SCV  
  46  4:29  Barracks Reactor  
  46  4:36  Supply Depot  
  46  4:37  Supply Depot  
  46  4:39  Supply Depot  
  46  4:40  Barracks  
  46  4:41  Barracks  
  46  4:44  Factory Reactor  
  46  4:48  Starport  
  46  4:58  Marine x3, SCV  
  50  5:14  Marine x2, SCV x2  
  52  5:15  Marine x3, Engineering Bay  
  57  5:22  Supply Depot  
  57  5:24  Supply Depot  
  57  5:25  Combat Shield  
  57  5:26  SCV  
  57  5:28  Barracks Tech Lab  
  58  5:30  Barracks Reactor  
  58  5:32  Marine x2  
  58  5:33  Marine  
  58  5:34  Marine x2  
  63  5:36  SCV  
  63  5:38  Starport Reactor  
  64  5:49  Marine  
  65  5:50  Marine x2  
  65  5:55  Marine x3  
  70  5:57  Medivac x2  
  70  5:59  SCV x2  
  76  6:06  Marine  
  76  6:08  Marine x2  
  76  6:09  Stimpack  
  76  6:10  Marine x2  
  76  6:11  SCV x2  
  82  6:13  Marine x3  
  82  6:17  Supply Depot  
  86  6:20  Supply Depot x2  
  86  6:27  Supply Depot x2  
  86  6:33  Marine x4  
  86  6:37  SCV x2  
  86  6:38  Marine  
  93  6:43  Marine x3  
  93  6:47  Medivac  
  98  6:50  Medivac  
  100  6:54  Terran Infantry Weapons Level 1  
  92  7:50  Marine x2, Medivac  
  92  7:51  Marine x2, Medivac  
  98  8:03  Marine x3  
  98  8:04  Marine  
  96  8:07  Marine x2  
  96  8:09  Marine x2  
  96  8:11  SCV x2  
  98  8:20  Medivac  
  98  8:21  Marine x4, Medivac  
  98  8:23  Missile Turret, SCV  
  98  8:24  Missile Turret, SCV  
  98  8:25  Marine x2  
  98  8:26  Missile Turret  
  110  8:27  Marine x2  
  112  8:35  SCV  
  112  8:36  SCV  
  112  8:39  Marine  
  115  8:46  Marine  
  115  8:47  Marine x2  
  115  8:48  SCV x2  
  120  8:50  Medivac  
  122  9:00  SCV x2  
  121  9:10  Command Center  
  121  9:14  Marine  
  121  9:15  Viking  
  121  9:16  Marine x2  
  114  9:18  Marine  
  114  9:20  Viking, SCV  
  118  9:35  Missile Turret  
  118  9:36  Missile Turret  
  118  9:41  Marine x2  
  118  9:45  Viking  
  122  9:46  Marauder x2  
  122  9:47  Marine x2  
  122  9:48  SCV  
  122  9:50  Viking  
  131  9:54  Missile Turret  
  131  9:55  Missile Turret  
  131  10:02  Missile Turret  
  131  10:03  Marine  
  132  10:11  Missile Turret  
  132  10:15  Viking  
  132  10:19  Missile Turret  
  80  10:45  Marine x2  
  80  10:46  Marine x6  
  80  10:47  SCV  
  84  11:00  Missile Turret  
  84  11:03  Marine x3  
  84  11:04  Marine x5  
  91  11:06  Orbital Command  
  92  11:19  Factory Tech Lab  
  92  11:21  Marine x7  
  92  11:22  Marine, Medivac x2  
  92  11:24  SCV  
  105  11:38  Marine  
  105  11:39  Marine x3  
  109  11:48  Marine x4  
  109  11:52  Medivac x2  
  117  11:56  Marine  
  117  11:57  Marine x2  
  117  11:59  Marine  
  121  12:05  Marine  
  121  12:06  Marine x2  
  109  12:13  Marine  
  109  12:14  Marine, Siege Tank  
  109  12:15  Marine x2  
  114  12:17  Marine  
  114  12:22  Medivac x2  
  115  12:23  Marine x2  
  115  12:24  Marine, SCV x2  
  124  12:30  Marine  
  124  12:32  Marine x2  
  127  12:45  Marine x3  
  127  12:46  Marine x2, Siege Tank  
  127  12:48  Marine  
  127  12:50  Marine  
  137  12:52  Medivac x2  
  137  12:58  Marine  
  141  13:03  Marine x4  
  146  13:10  Marine x3  
  149  13:16  Marine  
  149  13:18  Siege Tank  
  153  13:21  Marine  
  153  13:22  Medivac x2  
  109  13:51  Siege Tank  
  73  14:15  Marine x6  
  73  14:16  Marine x2  
  35  14:32  Marine  
  35  14:33  Marine x3  
Show
View Real Time Build Order
Export as new Build Order

zidar Zerg - Winner!

Build Orders: Hatch First, Muta Ling Bane 

Get SALT Encoding   

  12  0:01  Drone  
  13  0:12  Overlord  
  13  0:17  Drone  
  14  0:30  Drone x2  
  14  0:34  Drone  
  17  1:01  Hatchery  
  17  1:02  Drone  
  17  1:07  Extractor, Drone  
  17  1:20  Spawning Pool  
  17  1:23  Drone  
  17  1:49  Drone x2  
  17  1:51  Overlord  
  19  2:08  Queen  
  19  2:13  Queen  
  19  2:15  Zergling x6  
  26  2:25  Metabolic Boost  
  25  2:39  Drone  
  25  2:40  Drone x3  
  29  2:49  Queen  
  28  3:16  Queen  
  28  3:18  Drone x4  
  28  3:19  Drone x2  
  36  3:24  Overlord  
  36  3:42  Extractor  
  35  4:03  Queen  
  35  4:06  Drone  
  38  4:10  Hatchery  
  38  4:11  Drone x3  
  38  4:12  Drone x3  
  38  4:13  Drone  
  44  4:35  Baneling Nest  
  43  4:54  Lair  
  43  5:03  Extractor x2  
  41  5:12  Evolution Chamber  
  40  5:18  Evolution Chamber  
  39  5:36  Drone  
  39  5:37  Drone x10  
  50  5:58  Spire  
  50  6:02  Zerg Ground Armor Level 1  
  50  6:03  Centrifical Hooks  
  49  6:07  Zerg Melee Weapons Level 1  
  49  6:25  Zergling x2  
  50  6:28  Overlord x4  
  50  7:03  Pneumatized Carapace  
  50  7:07  Zergling x2  
  50  7:08  Zergling x34  
  63  7:34  Mutalisk  
  63  7:35  Mutalisk x8  
  79  8:13  Queen  
  81  8:26  Overlord x3  
  81  8:27  Overlord  
  81  8:33  Baneling x10  
  81  8:34  Baneling x3  
  81  8:38  Zerg Ground Armor Level 2, Zerg Melee Weapons Level 2  
  81  8:44  Drone x3  
  81  8:47  Drone x2  
  86  8:58  Drone  
  86  8:59  Drone x8  
  92  9:16  Queen  
  94  9:34  Infestation Pit  
  93  9:46  Extractor  
  93  9:49  Extractor  
  91  10:00  Hatchery  
  91  10:05  Drone x3  
  91  10:06  Drone  
  94  10:09  Drone  
  94  10:10  Drone x2  
  94  10:12  Drone x8  
  105  10:19  Zergling x2  
  106  10:22  Zerg Flyer Weapons Level 1  
  83  10:53  Zergling x18  
  83  10:54  Zergling x6  
  95  11:11  Zergling x6  
  96  11:14  Baneling  
  96  11:15  Baneling x11  
  98  11:23  Hive  
  98  11:28  Zergling x2  
  98  11:29  Zergling x18  
  94  12:14  Mutalisk  
  94  12:15  Mutalisk x10  
  108  12:20  Zergling x2  
  108  12:21  Zergling x6  
  120  12:24  Overlord x3  
  120  12:25  Overlord x2  
  120  12:40  Zerg Flyer Weapons Level 2  
  120  12:47  Zergling x2  
  120  12:48  Zergling x30  
  120  12:50  Baneling x9  
  136  12:51  Baneling  
  136  12:52  Baneling  
  136  12:53  Baneling  
  136  13:03  Ultralisk Cavern  
  136  13:04  Adrenal Glands  
  117  14:37  Zergling x26  
  117  14:38  Zergling x18  
Tags
 
Add a new tag
Caveats
  • Supply blocks, unpowered buildings, or Contaminate may cause inaccurate times.
  • Supply counts are checked every 10 seconds.